 Dungeon Crawl Stone Soup version 0.16.1-28-gcc2312f (webtiles) character file.

258 Golfball the Sneak (level 5, 11/24 HPs)
             Began as a Spriggan Enchanter on June 3, 2015.
             Was an Initiate of Dithmenos.
             Quit the game on level 3 of the Dungeon.
             The game lasted 00:28:45 (5234 turns).

Golfball the Sneak (Spriggan Enchanter)             Turns: 5234, Time: 00:28:45

Health: 11/24      AC:  9    Str:  5    XL:     5   Next: 94%
Magic:  15/17      EV: 18    Int: 16    God:    Dithmenos [......]
Gold:   136        SH:  0    Dex: 17    Spells: 3 memorised, 5 levels left

rFire  . . .     SeeInvis +     a - +2 dagger (protect)
rCold  . . .     Clarity  .     b - +1 robe
rNeg   . . .     SustAb   .     (shield restricted)
rPois  .         Gourm    .     (helmet restricted)
rElec  .         Spirit   .     r - +0 cloak
rCorr  .         Warding  .     (gloves unavailable)
rMut   .         Stasis   .     (boots unavailable)
MR     .....                    (no amulet)
Stlth  ++++......               (no ring)
                                (no ring)

@: drained, very quick, not resistant to hostile enchantments, stealthy
A: unfitting armour, see invisible, herbivore 3, speed 3, slow metabolism 2
a: Renounce Religion


You were on level 3 of the Dungeon.
You worshipped Dithmenos.
Dithmenos was noncommittal.
You were not hungry.

You visited 1 branch of the dungeon, and saw 4 of its levels.

You collected 136 gold pieces.

Inventory:

Hand weapons
 a - a +2 dagger of protection (weapon)
 i - a +0 hunting sling
 s - a +0 blowgun
Missiles
 t - 17 poisoned needles
Armour
 b - a +1 robe (worn)
 r - a +0 cloak (worn)
Jewellery
 h - a cursed amulet of inaccuracy {unknown}
Scrolls
 n - a scroll of identify
 o - 2 scrolls of teleportation
Potions
 d - a potion of brilliance
 e - a potion of cure mutation
 f - 2 potions of curing
 g - a potion of flight
 j - 2 potions of ambrosia
 k - 3 potions of agility
 l - a potion of cancellation
 m - a potion of lignification {unknown}
 q - 2 potions of poison {unknown}
Books
 c - a book of Maledictions

   Spells                             Type                      Level
   a - Corona                         Hexes                        1
   b - Sure Blade                     Hexes/Charms                 2
   c - Ensorcelled Hibernation        Hexes/Ice                    2
   d - Confuse                        Hexes                        3
   e - Dazzling Spray                 Conjuration/Hexes            3
   f - Enslavement                    Hexes                        4
Comestibles
 p - 3 bread rations


   Skills:
 + Level 3.2(3.1) Short Blades
 - Level 3.4(3.3) Dodging
 + Level 6.0(5.9) Stealth
 + Level 3.9(3.7) Spellcasting
 + Level 4.9(4.8) Hexes
 + Level 1.4(1.3) Ice Magic


You had 5 spell levels left.
You knew the following spells:

 Your Spells              Type           Power        Failure   Level  Hunger
a - Corona                Hex            ###....      2%          1    None
b - Ensorcelled Hibernat  Hex/Ice        ##....       10%         2    ##.....
c - Confuse               Hex            ###.....     10%         3    ###....


Dungeon Overview and Level Annotations

Branches:
Dungeon (4/15)
 Temple: D:4-7

Altars:
Dithmenos
Fedhas
Makhleb
Trog

Annotations:
D:4 Grinder; murphyslaw's ghost, average OpAr


Innate Abilities, Weirdness & Mutations

You are tiny and cannot use many weapons and most armour.
You have supernaturally acute eyesight.
You are a herbivore.
You cover ground extremely quickly.
You need consume almost no food.


Message History

Grinder gestures at you. You resist with significant effort.
A wight comes into view. It is wielding a long sword.
You hit Grinder.
Grinder is lightly wounded.
The wight closely misses you. Grinder gestures at you.
You resist with significant effort.
You hit Grinder.
Grinder is lightly wounded.
The wight hits you from afar with a trident!
Grinder gestures.
Grinder blinks!
You see here a rat skeleton.
There is a stone staircase leading up here.
Grinder gestures.
Grinder blinks!
You climb upwards.
There is a stone staircase leading down here.
Are you sure you want to abandon this character and quit the game? (Confirm with "yes".)

......# #.# ##.....###....
......###.## ##...........
....:......####### ####.....#....
##..†####........# #.....#####...
###..###.######.###...### ##.#
#####.....## ###......## ###
.).....#)<(###........##
........).........###..# ########
.......##.......@...##.# #......#
.......##....##........# #......#
.....#.....###....#.#..###......#
###.......###..#.##......#......#
###....#..#...##.###......##.....
#......#.##.###..................
#.#..#...#..# #....†.....##......
..#..##....## #).................
.##..##..### #...........###....


There were no monsters in sight!

Vanquished Creatures
  A wight (D:4)
  Crazy Yiuf (D:3)
  An orc priest (D:2)
  An orc wizard (D:3)
  Terence (D:3)
  Robin (D:3)
  2 adders
  A giant mite (D:1)
  8 orcs
  7 bats
  17 goblins
  9 hobgoblins
  2 quokkas
  2 giant cockroaches
  2 giant newts (D:1)
  10 kobolds
  8 rats
  A fungus (D:3)
75 creatures vanquished.

Notes
Turn   | Place    | Note
--------------------------------------------------------------
     0 | D:1      | Golfball, the Spriggan Enchanter, began the quest for the Orb.
     0 | D:1      | Reached XP level 1. HP: 9/9 MP: 4/4
   624 | D:1      | Reached XP level 2. HP: 10/13 MP: 5/7
   838 | D:1      | Learned a level 2 spell: Ensorcelled Hibernation
  1385 | D:1      | Reached XP level 3. HP: 16/16 MP: 6/9
  1847 | D:2      | Found a burning altar of Makhleb.
  1999 | D:2      | Noticed a balrug
  2002 | D:2      | Noticed a neqoxec
  2002 | D:2      | Noticed a ynoxinul
  2278 | D:2      | Found a bloodstained altar of Trog.
  2333 | D:3      | Found a blossoming altar of Fedhas.
  2383 | D:3      | Noticed Robin
  2518 | D:3      | Noticed Terence
  2533 | D:3      | Killed Terence
  2533 | D:3      | Reached skill level 5 in Stealth
  2533 | D:3      | Reached XP level 4. HP: 11/21 MP: 3/13
  2942 | D:2      | Reached skill level 1 in Ice Magic
  3149 | D:2      | Learned a level 3 spell: Confuse
  3409 | D:3      | Reached XP level 5. HP: 3/24 MP: 11/16
  3990 | D:3      | Found a shadowy altar of Dithmenos.
  3998 | D:3      | Became a worshipper of Dithmenos the Shadowed
  4084 | D:3      | Killed Robin
  4413 | D:3      | Noticed Crazy Yiuf
  4420 | D:3      | Killed Crazy Yiuf
  4921 | D:4      | Noticed Grinder
  4962 | D:4      | Noticed murphyslaw's ghost (average OpAr)
  5023 | D:4      | Reached skill level 6 in Stealth
  5234 | D:3      | Quit the game

Action                   |  1- 3 |  4- 6 || total
-------------------------+-------+-------++-------
Melee: Dagger            |    74 |    88 ||   162
 Cast: Corona            |    13 |     3 ||    16
       Ensorcelled Hiber |    27 |    39 ||    66
       Confuse           |       |     2 ||     2
  Use: Scroll            |    10 |     7 ||    17
 Stab: Sleeping          |    29 |    29 ||    58
       Confused          |       |     1 ||     1
  Eat: Bread ration      |     1 |       ||     1
